 Dungeon Crawl Stone Soup version 0.27-a0-1149-g4505690ab0 (webtiles) character file.

Game seed: 8848695303156928136

117 kae the Skirmisher (level 4, 0/37 HPs)
             Began as a Demonspawn Fighter on May 12, 2021.
             Slain by an orc
             ... wielding a +0 mace
              (4 damage)
             ... on level 3 of the Dungeon.
             The game lasted 00:01:23 (2267 turns).

kae the Skirmisher (Demonspawn Fighter)             Turns: 2267, Time: 00:01:24

Health: 0/37       AC:  8    Str: 18    XL:     4   Next: 71%
Magic:  4/4        EV:  7    Int: 11    God:
Gold:   66         SH: 12    Dex: 12    Spells: 3/3 levels left

rFire    . . .     SeeInvis .   a - +0 long sword
rCold    . . .     Faith    .   c - +0 kite shield
rNeg     . . .     Spirit   .   b - +0 scale mail
rPois    .         Reflect  .   (no helmet)
rElec    .         Harm     .   (no cloak)
rCorr    .         Rampage  .   g - +1 pair of gloves
Will     .....                  (no boots)
Stlth    ..........             (no amulet)
HPRegen  0.12/turn              (no ring)
MPRegen  0.09/turn              (no ring)

@: no status effects
A: big brain 1, condensation shield
a: no special abilities


You were on level 3 of the Dungeon.
You visited 1 branch of the dungeon, and saw 3 of its levels.

You collected 66 gold pieces.

Inventory:

Hand Weapons
 a - a +0 long sword (weapon)
Armour
 b - a +0 scale mail (worn)
 c - a +0 kite shield (worn)
 g - a +1 pair of gloves (worn)
Scrolls
 h - a scroll of enchant armour
 i - a scroll of identify
Potions
 d - a potion of might
 e - a potion of attraction
 f - a potion of degeneration
 j - a potion of curing
 k - 2 potions of resistance {unknown}
 l - a potion of lignification {unknown}


   Skills:
 + Level 3.9 Fighting
 * Level 3.9 Long Blades
 - Level 2.6 Armour
 - Level 2.6 Shields


You had 3 spell levels left.
You didn't know any spells.
Your spell library was empty.

Dungeon Overview and Level Annotations

Branches:
Dungeon (3/15)

Altars:
Dithmenos

Shops:
D:1 (


Innate Abilities, Weirdness & Mutations

You have an unusually large brain. (Int +2)
A meltable shield of frost defends you. (SH +4)


Message History

The orc is lightly wounded.
The orc closely misses you. You block the orc's attack. x3
You hit the orc.
The orc is almost dead.
The orc barely misses you. You block the orc's attack. x3
The orc hits you with a +0 flail.
You barely miss the orc.
The orc is almost dead.
You block the orc's attack. The orc barely misses you.
The orc closely misses you. You block the orc's attack.
You closely miss the orc.
The orc is almost dead.
The orc hits you but does no damage. You block the orc's attack.
The orc barely misses you. The orc hits you with a +0 mace.
You hit the orc.
You kill the orc!
You block the orc's attack. The orc barely misses you.
You block the orc's attack.
You closely miss the orc. The orc hits you with a +0 mace.
The orc closely misses you. You block the orc's attack.
Your shield and scale mail prevent you from hitting the orc.
You block the orc's attack. The orc hits you with a +0 mace.
You hit the orc but do no damage. You block the orc's attack.
The orc hits you but does no damage. The orc hits you with a +0 hand axe.
* * * LOW HITPOINT WARNING * * *
The orc barely misses you.
You closely miss the orc. You block the orc's attack.
The orc hits you but does no damage.
You completely miss the orc. The orc barely misses you.
You block the orc's attack. The orc hits you but does no damage.
You block the orc's attack.
Your shield and scale mail prevent you from hitting the orc.
You block the orc's attack. The orc hits you with a +0 mace.
* * * LOW HITPOINT WARNING * * *
You closely miss the orc. You block the orc's attack.
The orc hits you with a +0 mace.
* * * LOW HITPOINT WARNING * * *
You block the orc's attack. The orc hits you with a +0 mace.
You die...

..........###<. #.
#.>............. .#
#...........##.# ## .##
#..........<...# ...
..###............... ....
..#................ .....
#.............#....
......#o.#..........#.###
......)o@................
.......#..........##...##
......##.........##....#
.....# #....>..........#
..... #.........###.#.##
.... #.........###.....
... #.........##†....†
... #.........#.......
#.........).......


You could see 2 orcs.

Vanquished Creatures
  2 adders
  A worm (D:3)
  4 dart slugs
  8 orcs (D:3)
  4 ball pythons
  5 endoplasms
  2 giant cockroaches
  5 goblins
  9 hobgoblins
  12 jackals
  6 kobolds
  2 quokkas (D:1)
  5 bats
  2 frilled lizards
  2 rats
69 creatures vanquished.

Notes
Turn   | Place    | Note
-------+----------+-------------------------------------------
     0 | D:1      | kae the Demonspawn Fighter began the quest for the Orb.
     0 | D:1      | Reached XP level 1. HP: 18/18 MP: 1/1
    63 | D:1      | Found a faded altar of an unknown god.
    98 | D:1      | Gained mutation: A meltable shield of frost defends you.
                  | (SH +4) [demonic ancestry]
    98 | D:1      | Reached XP level 2. HP: 22/24 MP: 2/2
   616 | D:1      | Found Afiejue's Antique Weapon Shop.
   625 | D:1      | Gained mutation: You have an unusually large brain. (Int
                  | +2) [demonic ancestry]
   625 | D:1      | Reached XP level 3. HP: 29/29 MP: 3/3
   956 | D:2      | Found a shadowy altar of Dithmenos.
  1307 | D:2      | Reached XP level 4. HP: 32/37 MP: 4/4
  2267 | D:3      | Slain by an orc

Illustrated notes

Levels and vault maps discovered:
D:1:      shiori_arrival_elements, layout_basic, serial_shops, shop,
          hellmonk_ecumenical_altar_run_dry, minmay_split_cup_large
D:2:      layout_loops_ring, basic_altar
D:3:      layout_rooms, chequers_temple_overflow_statue_of_worship

Skill      XL: |  1  2  3 |
---------------+----------+-----
Long Blades    | 2 3 |  3.9
Fighting       | |  3.9
Armour         | |  2.6
Shields        | |  2.6

Action                   |  1- 3 |  4- 6 || total
-------------------------+-------+-------++-------
Melee: Long sword        |   120 |   108 ||   228
  Use: Scroll            |     4 |     2 ||     6
       Potion            |       |     1 ||     1
Armor: Scale mail        |    57 |    52 ||   109
Dodge: Dodged            |    28 |    44 ||    72
Block: Kite shield       |    95 |   105 ||   200
       Rpst.: Long sword |    11 |    12 ||    23

Table legend: (Time is in decaauts)
 A = Elapsed time spent in this place.
 B = Non-inter-level travel time spent in this place.
 C = Inter-level travel time spent in this place.
 D = Time resting spent in this place.
 E = Time spent auto-exploring this place.
 F = Levels seen in this place.
 G = Mean time per level.
                   A        B        C        D        E       F      G
               +--------+--------+--------+--------+--------+-----+--------+
         Total |   2379 |   2322 |     57 |    377 |   1401 |   3 |  793.0 |
       Dungeon |   2379 |   2322 |     57 |    377 |   1401 |   3 |  793.0 |
               +--------+--------+--------+--------+--------+-----+--------+

Top non-repeatable levels by time:
     D:1: 935 daAuts
     D:2: 735 daAuts
     D:3: 709 daAuts
